 Dungeon Crawl Stone Soup version 0.19.4-9-g45fd643 (webtiles) character file.

2492 Gargoyl the Chopper (level 9, -7/75 HPs)
             Began as a Ghoul Abyssal Knight on Feb 18, 2017.
             Was an Elder of Lugonu.
             Killed from afar by an orc wizard (9 damage)
             ... with a magic dart
             ... on level 8 of the Dungeon.
             The game lasted 00:14:07 (7823 turns).

Gargoyl the Chopper (Ghoul Abyssal Knight)          Turns: 7823, Time: 00:14:07

Health: -7/75      AC: 24    Str: 20    XL:     9   Next: 52%
Magic:  12/12      EV: 12    Int:  7    God:    Lugonu [****..]
Gold:   286        SH:  7    Dex: 11    Spells: 0 memorised, 8 levels left

rFire  . . .     SeeInvis .     u - +1 war axe
rCold  + . .     Gourm    .     d - +7 chain mail of Discretion {+Fly}
rNeg   + + +     Faith    .     s - +3 warlock's mirror {reflect}
rPois  ∞         Spirit   .     (no helmet)
rElec  .         Reflect  +     b - +2 cloak
rCorr  .         Harm     .     D - +0 pair of gloves
MR     .....                    y - +1 pair of boots of Zin's Supremacy {Stlth+}
Stlth  ..........               o - amulet of magic regeneration
                                k - +4 ring of evasion
                                e - +4 ring of strength

@: rotting
A: rotting body, claws 1, carnivore 3, cold resistance 1, negative energy
resistance 3, slow regeneration 1, torment resistance, unbreathing
a: Depart the Abyss, Bend Space, Banish, Corrupt, Renounce Religion, Evoke
Flight


You were on level 8 of the Dungeon.
You worshipped Lugonu.
Lugonu was greatly pleased with you.
You were not hungry.

You visited 1 branch of the dungeon, and saw 8 of its levels.
You visited the Abyss 1 time.

You collected 403 gold pieces.
You spent 117 gold pieces at shops.

Inventory:

Hand Weapons
 a - a +2 hand axe
 u - a +1 war axe (weapon)
Missiles
 n - 12 tomahawks (quivered)
Armour
 b - a +2 cloak (worn)
 d - the +7 chain mail of Discretion (worn) {+Fly}
   (You found it on level 2 of the Abyss)

   It lets you fly.
 s - the +3 warlock's mirror (worn) {reflect}
   (You found it on level 5 of the Dungeon)
 y - the +1 pair of boots of Zin's Supremacy (worn) {Stlth+}
   (You found it on level 7 of the Dungeon)

   It makes you more stealthy.
 D - a +0 pair of gloves (worn)
Jewellery
 e - a +4 ring of strength (left hand)
 k - a +4 ring of evasion (right hand)
 o - an amulet of magic regeneration (around neck)
 w - a cursed amulet of inaccuracy {unknown}
Wands
 m - a wand of polymorph (12/24)
 p - a wand of paralysis (8/24)
 q - a wand of digging (12/24)
 x - a wand of disintegration (9/24)
 C - a wand of random effects (14/48)
 E - a wand of lightning (2/15)
Scrolls
 g - a scroll of identify
 h - 3 scrolls of remove curse
 j - 3 scrolls of amnesia
 B - a scroll of recharging
Potions
 i - a potion of invisibility {unknown}
 F - a potion of ambrosia {unknown}
 G - a potion of brilliance
Books
 l - a book of Changes

   Spells                             Type                      Level
   a - Beastly Appendage              Transmutation                1
   b - Sticks to Snakes               Transmutation                2
   c - Spider Form                    Transmutation/Poison         3
   d - Ice Form                       Ice/Transmutation            4
   e - Blade Hands                    Transmutation                5
 v - a book of Cantrips

   Spells                             Type                      Level
   a - Confusing Touch                Hexes                        1
   b - Animate Skeleton               Necromancy                   1
   c - Summon Small Mammal            Summoning                    1
   d - Apportation                    Translocation                1
Comestibles
 c - 5 meat rations
 f - 2 royal jellies
 r - 3 beef jerkies
 t - a slice of pizza


   Skills:
 + Level 5.7 Fighting
 + Level 7.1 Axes
 + Level 0.1 Throwing
 * Level 6.2 Armour
 + Level 1.4 Dodging
 + Level 1.9 Shields
 * Level 6.1 Invocations


You had 8 spell levels left.
You didn't know any spells.

Dungeon Overview and Level Annotations

Branches:
Dungeon (8/15)             Temple (0/1) D:4            Lair (0/6) D:8

Altars:
Dithmenos
Elyvilon
Gozag
Hepliaklqana
Qazlal
Ru
Sif Muna

Shops:
D:8 [[}


Innate Abilities, Weirdness & Mutations

Your body is rotting away.
You thrive on raw meat.
You are immune to poison.
You have sharp fingernails.
You are carnivorous and can eat meat at any time.
Your flesh is cold resistant. (rC+)
You are immune to negative energy. (rN+++)
You regenerate slowly when monsters are visible.
You are immune to unholy pain and torment.
You can survive without breathing.


Message History

The orc wizard hits you but does no damage.
Space warps horribly around you!
* * * LOW HITPOINT WARNING * * *
You feel better.
The orc wizard gestures at you while chanting.
The magic dart hits you!
You hear some strange, mumbled words.
The orc priest hits you but does no damage.
You are electrocuted!
* * * LOW HITPOINT WARNING * * *
The orc wizard gestures at you while chanting.
The magic dart hits you!
The orc wizard hits you but does no damage.
Press: ? - help, Shift-Dir - straight line, f - orc priest
Aim: an orc priest, wielding a hand axe of electrocution (heavily wounded, chance to defeat MR: 84%)
You fail to use your ability.
Something hits you.
* * * LOW HITPOINT WARNING * * *
The orc wizard casts a spell at you. The magic dart hits you!
You die...

# ##....#######...# # #
#...## ###.# ### #..#.##
#.# ##.. #..##.##
#.########..# ######.##
#......##..## #..##
###......###
#...######.......##
##..oo.##......)...#
#...o@.............##
#.....#.).>.........#
##....###............##
#....## #...(.........#
#....# #.............#
##...### #.............#
#...##.# ##.∩...........
##...#..####.............
#...##...#...............


You could see an orc priest and 2 orc wizards.

Vanquished Creatures
  A hornet (D:7)
  Prince Ribbit (D:5)
  A hippogriff (D:8)
  An orc warrior (D:8)
  A sky beast (D:8)
  3 ice beasts
  An ogre (D:7)
  2 bullfrogs
  A scorpion (D:7)
  A water moccasin skeleton (D:5)
  3 howler monkeys (D:8)
  3 crimson imps
  A centaur zombie (D:8)
  A quasit (D:7)
  3 hounds
  3 orc priests
  A jelly (D:5)
  5 orc wizards
  Crazy Yiuf (D:2)
  Jessica (D:2)
  A centaur skeleton (D:8)
  An iguana (D:6)
  Natasha (D:2)
  2 worker ants
  A killer bee zombie (D:6)
  2 hound zombies
  4 gnolls (D:4)
  2 worker ant zombies
  11 adders
  An ooze (D:1)
  An adder skeleton (D:6)
  A worm (D:3)
  4 dart slugs
  3 leopard geckos
  21 orcs
  3 ball pythons
  6 giant cockroaches
  15 goblins
  14 hobgoblins
  13 jackals
  5 kobolds
  A quokka (D:3)
  14 bats
  8 frilled lizards
  A leopard gecko skeleton (D:7)
  9 rats
  2 fungi (D:8)
182 creatures vanquished.

Vanquished Creatures (others)
  An orc (D:8)
  A fungus (D:8)
2 creatures vanquished.

Grand Total: 184 creatures vanquished

Notes
Turn   | Place    | Note
-------+----------+-------------------------------------------
     0 | Abyss:1  | Gargoyl the Ghoul Abyssal Knight began the quest for the Orb.
     0 | Abyss:1  | Reached XP level 1. HP: 19/19 MP: 1/1
    73 | Abyss:2  | Noticed a large abomination
    86 | Abyss:2  | Noticed a raiju
    88 | Abyss:2  | Got a twisted chain mail
    89 | D:1      | Escaped the Abyss
   100 | D:1      | Identified the +7 chain mail of Discretion {+Fly} (You found it on level 2 of the Abyss)
   320 | D:1      | Reached XP level 2. HP: 26/26 MP: 2/2
   327 | D:1      | Reached * piety under Lugonu
   484 | D:1      | Reached skill level 2 in Axes
   517 | D:1      | Reached XP level 3. HP: 27/33 MP: 3/3
  1203 | D:2      | Noticed Jessica
  1209 | D:2      | Killed Jessica
  1209 | D:2      | Reached XP level 4. HP: 39/40 MP: 4/4
  1270 | D:2      | Noticed Natasha
  1286 | D:2      | Killed Natasha
  1394 | D:2      | Reached ** piety under Lugonu
  1394 | D:2      | Reached XP level 5. HP: 45/46 MP: 6/6
  1421 | D:2      | Reached skill level 3 in Axes
  1693 | D:2      | Found a hazy altar of Hepliaklqana.
  1694 | D:2      | Found a deep blue altar of Sif Muna.
  2026 | D:2      | Found a runed door.
  2030 | D:2      | Noticed Crazy Yiuf
  2042 | D:2      | Killed Crazy Yiuf
  2519 | D:3      | Reached XP level 6. HP: 53/53 MP: 7/7
  2633 | D:3      | Reached *** piety under Lugonu
  3480 | D:4      | Reached skill level 4 in Axes
  3753 | D:4      | Reached skill level 1 in Dodging
  4056 | D:4      | Found a staircase to the Ecumenical Temple.
  4100 | D:5      | Entered Level 5 of the Dungeon
  4147 | D:5      | Noticed Prince Ribbit
  4161 | D:5      | Killed Prince Ribbit
  4161 | D:5      | Reached XP level 7. HP: 44/60 MP: 8/8
  4179 | D:5      | Found a stormy altar of Qazlal.
  4410 | D:5      | Found a faded altar of an unknown god.
  4410 | D:5      | Found a faded altar of an unknown god.
  4415 | D:5      | Found a sacrificial altar of Ru.
  4418 | D:5      | Found a faded altar of an unknown god.
  4421 | D:5      | Found a faded altar of an unknown god.
  4505 | D:5      | Reached skill level 5 in Axes
  4505 | D:5      | Reached XP level 8. HP: 51/67 MP: 10/10
  4530 | D:5      | Found a shadowy altar of Dithmenos.
  5317 | D:6      | Reached skill level 5 in Armour
  5993 | D:7      | Reached skill level 1 in Shields
  5993 | D:7      | Reached skill level 5 in Invocations
  6077 | D:7      | Found a shadowy altar of Dithmenos.
  6139 | D:7      | Reached **** piety under Lugonu
  6437 | D:7      | Got a pair of ichor-stained boots
  6443 | D:7      | Identified the +1 pair of boots of Zin's Supremacy {Stlth+} (You found it on level 7 of the Dungeon)
  6446 | D:7      | Noticed a hornet
  6466 | D:7      | Killed a hornet
  6466 | D:7      | Reached skill level 6 in Axes
  6585 | D:7      | Reached skill level 5 in Fighting
  6585 | D:7      | Reached XP level 9. HP: 54/74 MP: 12/12
  6740 | D:8      | Found Caol's Antique Armour Boutique.
  7169 | D:8      | Found Uqoij's Antique Armour Emporium.
  7191 | D:8      | Bought a pair of gloves for 117 gold pieces
  7258 | D:8      | Found a staircase to the Lair.
  7343 | D:8      | Found Apuvue's Gadget Shop.
  7602 | D:8      | Reached skill level 7 in Axes
  7678 | D:8      | Found an opulent altar of Gozag.
  7686 | D:8      | Found a white marble altar of Elyvilon.
  7823 | D:8      | HP: 2/75 [something (3)]
  7823 | D:8      | Killed from afar by an orc wizard

Skill      XL: |  1  2  3  4  5  6  7  8  9 |
---------------+----------------------------+-----
Armour         | 2 4 5 6 |  6.2
Axes           | 2 3 4 5 6 7 |  7.1
Fighting       | 4 5 |  5.7
Invocations    | 3 4 5 6 |  6.1
Dodging        | 1 |  1.4
Shields        | 1 |  1.9
Throwing       | |  0.1

Action                   |  1- 3 |  4- 6 |  7- 9 || total
-------------------------+-------+-------+-------++-------
Melee: Hand axe          |    81 |   334 |   182 ||   597
       War axe           |       |       |   271 ||   271
Throw: Tomahawk          |       |       |     8 ||     8
Invok: Depart the Abyss  |     1 |       |       ||     1
  Use: Scroll            |     4 |     4 |     6 ||    14
       Potion            |       |     5 |     5 ||    10
  Eat: Chunk             |     7 |    22 |    35 ||    64
Armor: Chain mail        |    71 |   276 |   267 ||   614
Dodge: Dodged            |    38 |   244 |   219 ||   501
Block: Buckler           |       |       |   134 ||   134
       Reflection        |       |       |     2 ||     2
